 Dungeon Crawl Stone Soup version 0.29-a0-356-g7bc237e783 (webtiles) character file.

Game seed: 3218028763692574838

6158 bande the Protected (level 10, -18/61 HPs)
             Began as a Gargoyle Fighter on Apr 26, 2022.
             Was a Priest of Okawaru.
             Killed from afar by Erica (24 damage)
             ... with a lance of force
             ... on level 8 of the Dungeon.
             The game lasted 00:17:26 (9753 turns).

bande the Protected (Gargoyle Fighter)              Turns: 9753, Time: 00:17:27

Health: -18/61     AC:  9    Str: 26    XL:     10   Next: 90%
Magic:  13/13      EV:  4    Int:  8    God:    Okawaru [***...]
Gold:   696        SH:  0    Dex: 21    Spells: 9/9 levels left

rFire   + . .      SeeInvis .   f - +6 hand axe of Semayc {vorpal, *Slow +Blink Str+5 Stlth+}
rCold   + . .      Faith    .   o - +2 tower shield {rC+ rF+}
rNeg    + . .      Spirit   .   z - +0 plate armour
rPois   ∞          Reflect  .   m - +1 helmet
rElec   +          Harm     .   g - scarf {repulsion}
rCorr   .          Rampage  .   n - +0 pair of gloves
Will    .....                   (no boots)
Stlth   ..........              (no amulet)
HPRegen 0.20/turn               e - +6 ring of dexterity
MPRegen 0.13/turn               D - +4 ring of slaying

@: confused, mighty, corroded, slowed, studying Armour, repel missiles, very
slow
A: sickness immunity, AC +7, negative energy resistance 1, electricity
resistance, torment resistance 1, petrification resistance, thin skeletal
structure 1, MP-powered wands
a: Renounce Religion, Evoke Blink, Heroism


You were on level 8 of the Dungeon.
You worshipped Okawaru.
Okawaru was most pleased with you.
You visited 2 branches of the dungeon, and saw 9 of its levels.
You also visited: Ossuary.

You collected 696 gold pieces.

Inventory:

Hand Weapons
 a - a +1 spectral war axe
 f - the +6 hand axe of Semayc (weapon) {vorpal, *Slow +Blink Str+5 Stlth+}
   (You found it on level 2 of the Dungeon)

   It inflicts extra damage upon your enemies.
   Str:       It affects your strength (+5).
   +Blink:    It lets you blink.
   *Slow:     It may slow you when you take damage.
   Stlth:     It makes you more stealthy.
 j - the +8 mace "Poblydd" {venom, Will+}
   (You found it on level 2 of the Dungeon)

   It poisons the flesh of those it strikes.
   Will:      It increases your willpower.
Missiles
 A - a throwing net (quivered)
Armour
 g - a scarf of repulsion (worn)
 k - a +0 cloak
 m - a +1 helmet (worn)
 n - a +0 pair of gloves (worn)
 o - a +2 tower shield of resistance (worn)
 z - a +0 plate armour (worn)
Jewellery
 e - a +6 ring of dexterity (left hand)
 h - a +6 ring of strength
 i - a ring of wizardry
 D - a +4 ring of slaying (right hand)
Wands
 s - a wand of acid (4)
 w - a wand of flame (11)
 y - a wand of polymorph (3)
 C - a wand of paralysis (9)
Scrolls
 b - 2 scrolls of blinking
 c - a scroll of brand weapon
 t - 3 scrolls of fog
 u - 5 scrolls of teleportation
 B - 2 scrolls of identify
 E - a scroll of fear
 F - a scroll of vulnerability {unknown}
Potions
 l - 9 potions of curing
 p - 2 potions of flight
 q - a potion of lignification {unknown}
 r - 4 potions of haste {unknown}
 v - 2 potions of resistance
 x - a potion of heal wounds {unknown}


   Skills:
 + Level 6.7 Fighting
 + Level 8.8 Axes
 + Level 9.5 Armour
 - Level 0.2 Dodging
 + Level 7.8 Shields
 * Level 4.4 Invocations
 * Level 5.9 Evocations


You had 9 spell levels left.
You didn't know any spells.
Your spell library contained the following spells:

 Spells                   Type           Power      Damage    Failure   Level
 Dazzling Flash           Conj/Hex       0%         N/A       100%        3
 Iskenderun's Mystic Bla  Conj/Tloc      0%         2d3       100%        4
 Starburst                Conj/Fire      0%         6d3       100%        6
 Summon Small Mammal      Summ           Unusable   N/A       N/A         1
 Summon Lightning Spire   Summ/Air       Unusable   N/A       N/A         4
 Summon Cactus Giant      Summ           Unusable   N/A       N/A         6
 Monstrous Menagerie      Summ           Unusable   N/A       N/A         7

Dungeon Overview and Level Annotations

Branches:
Dungeon (8/15)             Temple (1/1) D:6         Ossuary (visited)
   Lair: D:8-11

Altars:
Ashenzari
Cheibriados
Dithmenos
Fedhas
Gozag
Hepliaklqana
Kikubaaqudgha
Nemelex Xobeh
Okawaru
Qazlal
Ru
Sif Muna
Trog
Vehumet
Wu Jian
Xom
Yredelemnul
Lugonu

Annotations:
D:8 Erica


Innate Abilities, Weirdness & Mutations

You are immune to sickness and miasma.
Your stone body is resilient. (AC +7)
You are immune to poison.
You resist negative energy. (rN+)
You are resistant to electric shocks. (rElec)
You are resistant to unholy torment.
You are immune to petrification.
You have a somewhat thin skeletal structure. (Dex +2, Stealth+)
You expend magic power (3 MP) to strengthen your wands.


Message History

Erica zaps a wand.
The bolt of acid hits you!! The acid corrodes you!
You closely miss Erica.
Erica is moderately wounded.
A wolf comes into view.
Erica gestures at you while chanting.
You feel yourself slow down.
The wolf howls!
You slash Erica!
Erica is heavily wounded.
A wolf comes into view.
Erica gestures at you while chanting. The lance of force hits you!
You are knocked back by the lance of force.
You slam into the rock wall!
* * * LOW HITPOINT WARNING * * *
The wolf moves out of view.
You block Erica's attack.
You hit Erica.
Erica is heavily wounded.
Erica zaps a wand.
The bolt of acid hits you but does no damage.
The acid corrodes you! You block Erica's attack.
Unknown command.
You feel better.
Erica screams, "Die!"
Erica zaps a wand.
The bolt of acid hits you. The acid corrodes you!
You feel better. Erica casts a spell at you.
You resist with significant effort. Erica gestures at you while chanting.
You are confused.
You feel very mighty all of a sudden.
Erica zaps a wand.
The bolt of acid hits you!!
* * * LOW HITPOINT WARNING * * *
The acid corrodes you!
You slice Erica!!
Erica is almost dead.
Erica casts a spell at you. The lance of force hits you!!
You die...

#..#. #..#. ...
... . #.# # #.# #
#h# # #@# #
############@# #
#............#
#####.############
......# ####### ##
.# .# .#


You could see Erica and a wolf.

Vanquished Creatures
  A centaur warrior (D:8)
  The ghost of indyram44 the Twirler, a novice DsGl of Makhleb (D:8)
  Pikel (D:8)
  A hornet (D:6)
  5 yaks (D:8)
  A steam dragon (D:7)
  Menkaure (D:4)
  A water moccasin (D:6)
  A sky beast (D:6)
  2 orc warriors
  4 black bears
  An ogre (D:6)
  A lemure (D:8)
  4 centaurs
  2 phantoms
  A kobold brigand (D:8)
  A gnoll sergeant (D:8)
  2 bullfrogs
  4 scorpions
  3 necrophages
  4 wights (D:7)
  3 electric eels (D:5)
  4 howler monkeys (D:7)
  A spectral centaur (D:7)
  A hound (D:4)
  2 jellies (D:8)
  A centaur zombie (D:7)
  An orc priest (D:7)
  Crazy Yiuf (D:2)
  A gnoll shaman (D:4)
  8 orc wizards
  2 iguanas
  2 centaur simulacra (D:7)
  8 mummies (Ossuary)
  Robin (D:2)
  16 gnolls
  8 adders
  A howler monkey skeleton (D:7)
  A shadow imp (D:7)
  An ufetubus (D:7)
  2 worms
  2 dart slugs
  21 orcs
  A bat (D:1)
  5 endoplasms
  4 giant cockroaches
  A gnoll zombie (Ossuary)
  14 goblins
  9 hobgoblins
  17 kobolds
  4 quokkas
  2 ball pythons
  2 frilled lizards
  A hobgoblin zombie (Ossuary)
  2 kobold zombies (Ossuary)
  4 orc zombies (Ossuary)
  4 rats
200 creatures vanquished.

Vanquished Creatures (others)
  A hound (D:4)
  An orc (D:5)
  A goblin (D:4)
  A plant (D:5)
4 creatures vanquished.

Grand Total: 204 creatures vanquished

Notes
Turn   | Place    | Note
-------+----------+-------------------------------------------
     0 | D:1      | bande the Gargoyle Fighter began the quest for the Orb.
     0 | D:1      | Reached XP level 1. HP: 14/14 MP: 1/1
   297 | D:1      | Reached XP level 2. HP: 13/19 MP: 2/2
  1254 | D:1      | Found a faded altar of an unknown god.
  1340 | D:2      | Reached XP level 3. HP: 17/23 MP: 3/3
  1361 | D:2      | Noticed Robin
  1367 | D:2      | Killed Robin
  1689 | D:2      | Identified the +6 hand axe of Semayc {vorpal, *Slow +Blink
                  | Str+5 Stlth+}
  1856 | D:2      | Found a runed translucent door.
  1858 | D:2      | Reached XP level 4. HP: 29/29 MP: 4/4
  1860 | D:2      | Noticed Crazy Yiuf
  1861 | D:2      | Identified the +8 mace "Poblydd" {venom, Will+}
  1864 | D:2      | Identified the +6 mace "Eriv" {vorpal, *Noise Will+++
                  | Str+6}
  1870 | D:2      | Identified the +4 mace of Rygemon {flame, Fragile rF+
                  | Dex+5}
  1904 | D:2      | Killed Crazy Yiuf
  2035 | D:2      | Reached XP level 5. HP: 5/33 MP: 5/5
  2737 | D:3      | Reached skill level 4 in Armour
  2809 | D:3      | Found a shadowy altar of Dithmenos.
  2889 | D:3      | Found a sacrificial altar of Ru.
  2986 | D:3      | Found an opulent altar of Gozag.
  3074 | D:3      | Reached skill level 1 in Evocations
  3274 | D:4      | Noticed Menkaure
  3280 | D:4      | Killed Menkaure
  3281 | D:4      | Reached XP level 6. HP: 32/39 MP: 6/6
  3283 | D:4      | Got the Handbook of Summoning
  3421 | D:4      | Noticed a black bear
  3431 | D:4      | Killed a black bear
  3432 | D:4      | Reached XP level 7. HP: 38/44 MP: 7/7
  3434 | D:4      | Reached skill level 5 in Armour
  3619 | D:4      | Found a shimmering altar of Xom.
  3632 | D:4      | Reached skill level 5 in Axes
  3838 | D:4      | Found a sand-covered staircase.
  3843 | Ossuary  | Entered an ossuary
  3971 | Ossuary  | Reached XP level 8. HP: 37/48 MP: 8/8
  4480 | D:4      | Reached skill level 6 in Armour
  4485 | D:4      | Reached skill level 5 in Fighting
  4637 | D:5      | Entered Level 5 of the Dungeon
  4643 | D:5      | Found a transporter.
  4661 | D:5      | Found a transporter.
  4749 | D:5      | Found a shimmering blue altar of Sif Muna.
  5578 | D:5      | Found a sparkling altar of Nemelex Xobeh.
  6025 | D:6      | Reached skill level 7 in Armour
  6190 | D:6      | Gained mutation: Your muscles are strong. (Str +2) [potion
                  | of mutation]
  6190 | D:6      | Gained mutation: You tend to lose your temper in combat.
                  | [potion of mutation]
  6191 | D:6      | Lost mutation: Your muscles are strong. (Str +2) [potion of
                  | mutation]
  6191 | D:6      | Lost mutation: You tend to lose your temper in combat.
                  | [potion of mutation]
  6191 | D:6      | Gained mutation: You expend magic power (3 MP) to
                  | strengthen your wands. [potion of mutation]
  6191 | D:6      | Gained mutation: You have a somewhat thin skeletal
                  | structure. (Dex +2, Stealth+) [potion of mutation]
  6264 | D:6      | Reached XP level 9. HP: 47/54 MP: 9/9
  6456 | D:6      | Noticed a hornet
  6465 | D:6      | Killed a hornet
  6469 | D:6      | Reached skill level 5 in Shields
  6481 | D:6      | Reached skill level 8 in Armour
  6586 | D:6      | Found a staircase to the Ecumenical Temple.
  6596 | Temple   | Entered the Ecumenical Temple
  6634 | Temple   | Became a worshipper of Warmaster Okawaru
  6969 | D:6      | Found a radiant altar of Vehumet.
  7061 | D:7      | Found a runed translucent gate.
  7061 | D:7      | Found a runed translucent gate.
  7061 | D:7      | Found a runed translucent gate.
  7289 | D:6      | Reached skill level 1 in Invocations
  7348 | D:7      | Reached * piety under Okawaru
  7987 | D:7      | Reached skill level 5 in Evocations
  7989 | D:7      | Reached XP level 10. HP: 40/60 MP: 10/12
  8122 | D:7      | Noticed indyram44's ghost (novice DsGl)
  8358 | D:8      | Killed indyram44's ghost
  8889 | D:8      | Reached ** piety under Okawaru
  8890 | D:8      | Reached skill level 9 in Armour
  8900 | D:8      | Noticed a centaur warrior
  9075 | D:8      | Found a bloodstained altar of Trog.
  9080 | D:8      | Found a basalt altar of Yredelemnul.
  9290 | D:8      | Killed a centaur warrior
  9290 | D:8      | Reached *** piety under Okawaru
  9382 | D:8      | Noticed Pikel
  9395 | D:8      | Killed Pikel
  9741 | D:8      | Noticed Erica
  9753 | D:8      | Killed from afar by Erica

Illustrated notes

Levels and vault maps discovered:
D:1:      dpeg_arrival_renting, layout_basic,
          hellmonk_ecumenical_altar_heavens_door, moated_statue, st_stairs_13
D:2:      layout_loops_ring, uniq_crazy_yiuf_cottage, uniq_robin
D:3:      layout_rooms, mainiacjoe_overflow_alcove_1,
          mainiacjoe_overflow_brackets, grunt_dithmenos_smoke_and_mirrors,
          kennysheep_generic_room_11
D:4:      layout_gridville, xom_confusion_cloud, enter_ossuary_2,
          minmay_manual_moon, uniq_menkaure
D:5:      gammafunk_steamed_eel, layout_basic, lemuel_coloured_pillars_altar,
          nemelex_xobeh_ov_fountains_minmay
D:6:      layout_basic, overflow_temple_1_default, temple_fountains
D:7:      layout_cave_pods, gammafunk_ghost_necromancy
D:8:      layout_loops_cross, lemuel_crystal_altar,
          mainiacjoe_overflow_boulevard, uniq_pikel, uniq_grum, uniq_erica
Temple:   corrupted_temple

Skill      XL: |  1  2  3  4  5  6  7  8  9 10 |
---------------+-------------------------------+-----
Axes           | 2 3 4 5 6 7 8 |  8.8
Fighting       | 4 5 6 |  6.7
Armour         | 4 5 7 8 9 |  9.5
Evocations     | 1 2 3 5 |  5.9
Shields        | 4 6 7 |  7.8
Invocations    | 2 4 |  4.4
Dodging        | |  0.2

Action                   |  1- 3 |  4- 6 |  7- 9 | 10-12 || total
-------------------------+-------+-------+-------+-------++-------
Melee: War axe           |    86 |       |       |       ||    86
       Hand axe          |     5 |    70 |   284 |   131 ||   490
  Use: Scroll            |     6 |     4 |     9 |       ||    19
       Potion            |       |       |     2 |     3 ||     5
 Stab: Sleeping          |       |       |     1 |       ||     1
Armor: Scale mail        |    46 |    28 |   115 |       ||   189
       Plate armour      |       |       |    73 |   113 ||   186
Dodge: Dodged            |    38 |    31 |   102 |    20 ||   191
Block: Buckler           |    18 |    19 |    30 |       ||    67
       Tower shield      |       |       |   135 |   146 ||   281

Table legend: (Time is in decaauts)
 A = Elapsed time spent in this place.
 B = Non-inter-level travel time spent in this place.
 C = Inter-level travel time spent in this place.
 D = Time resting spent in this place.
 E = Time spent auto-exploring this place.
 F = Levels seen in this place.
 G = Mean time per level.
                   A        B        C        D        E       F      G
               +--------+--------+--------+--------+--------+-----+--------+
         Total |   9906 |   9808 |     98 |   2695 |   5208 |  10 |  990.6 |
       Dungeon |   9482 |   9384 |     98 |   2635 |   4976 |   8 | 1185.2 |
        Temple |     59 |     59 |      0 |      0 |     29 |   1 |   59.0 |
       Ossuary |    364 |    364 |      0 |     60 |    203 |   1 |  364.0 |
               +--------+--------+--------+--------+--------+-----+--------+

Top non-repeatable levels by time:
     D:8: 1597 daAuts
     D:5: 1384 daAuts
     D:1: 1350 daAuts
     D:2: 1346 daAuts
     D:7: 1092 daAuts
     D:6: 1073 daAuts
     D:4: 1018 daAuts
     D:3: 618 daAuts
 Ossuary: 364 daAuts
  Temple: 59 daAuts
